 Dungeon Crawl Stone Soup version 0.30.0-20-g3615ddf2f0 (webtiles) character file.

Game seed: 18308139820149862375

49 qw the Chopper (level 3, -1/23 HPs)
             Began as a Gargoyle Fighter on June 2, 2023.
             Killed from afar by Terence (2 damage)
             ... with a puff of flame
             ... on level 2 of the Dungeon.
             The game lasted 00:00:30 (1248 turns).

qw the Chopper (Gargoyle Fighter)                   Turns: 1248, Time: 00:00:31

Health: -1/23      AC: 10    Str: 21    XL:     3   Next: 75%
Magic:  3/3        EV:  9    Int:  8    God:
Gold:   88         SH:  4    Dex:  9    Spells: 2/2 levels left

rFire   . . .        Y - +2 war axe
rCold   . . .        c - +0 buckler
rNeg    + . .        b - +0 scale mail
rPois   inf          (no helmet)
rElec   +            (no cloak)
rCorr   .            (no gloves)
SInv    .            (no boots)
Will    .....        (no amulet) Stlth
                     (no ring)
HPRegen 0.23/turn    (no ring)
MPRegen 0.08/turn

%: no passive effects
@: no status effects
A: sickness immunity, AC +3, negative energy resistance 1, electricity
resistance, torment resistance 1, petrification resistance
a: no special abilities


You were on level 2 of the Dungeon.
You visited 1 branch of the dungeon, and saw 2 of its levels.

You collected 88 gold pieces.


Innate Abilities, Weirdness & Mutations

You are immune to sickness and miasma.
Your stone body is resilient. (AC +3)
You are immune to poison.
You resist negative energy. (rN+)
You are resistant to electric shocks. (rElec)
You are resistant to unholy torment.
You are immune to petrification.


   Skills:
 - Level 3.2 Fighting
 + Level 3.3 Axes
 - Level 1.0 Throwing
 - Level 3.2 Armour
 - Level 3.2 Shields


You had 2 spell levels left.
You didn't know any spells.
Your spell library was empty.

Inventory:

Hand Weapons
 i - a +0 club
 Y - a +2 war axe (weapon)
Missiles
 h - a javelin (quivered)
Armour
 b - a +0 scale mail (worn)
 c - a +0 buckler (worn)
Scrolls
 f - a scroll of teleportation {unknown}
Potions
 a - a potion of lignification {unknown}
 d - a potion of might
 e - a potion of cancellation {unknown}
 g - a potion of magic {unknown}

Dungeon Overview and Level Annotations

Branches:
Dungeon (2/15)

Altars:

Annotations:
D:2 Terence


Message History

The dart slug launches a dart at you.
The slug dart hits you but does no damage.
Enter note: You slash the kobold!
You kill the kobold!
You barely miss the kobold.
Terence the Incautious comes into view.
He is wielding a +0 trident and carrying a wand of flame (14).
The kobold hits you with a +0 dagger. The kobold hits you but does no damage.
The dart slug launches a dart at you. The slug dart hits you.
You closely miss the kobold. You block the kobold's attack.
The dart slug launches a dart at you. The slug dart hits you.
You slash the kobold!
You kill the kobold!
You block the quokka's attack. The dart slug launches a dart at you.
The slug dart misses you.
You closely miss the quokka.
The quokka bites you but does no damage.
Terence hits you from afar with a +0 trident.
You closely miss the quokka. The quokka barely misses you.
The dart slug launches a dart at you. You block the slug dart.
Terence barely misses you.
The quokka bites you but does no damage.
You slash the quokka!
You kill the quokka!
Terence barely misses you.
Terence zaps a wand.
The puff of flame hits you!
Ouch! That really hurt!
Terence barely misses you.
Things that are here:
a +0 whip; a quokka corpse
Enter note: You hit Terence.
Terence is moderately wounded.
Terence says, "How do you enjoy it?"
Terence zaps a wand.
The puff of flame hits you.
You die...

######### .###
#.......# . ...
#.#####.# #.##.####
#.#####.######
........#
#.............
#....#.###.#####.#####.
...#.
##....).....#####.# #.
.....
.....w..###.......# #.
#...# #......@#
######### ## #...#
#.##.##@# #...# #. ...
##...#####.# #...#
........... #(..#
)<......... ...$.
........... #.#.#
##...##### #. .# #...#
#


You could see Terence and a dart slug.

Vanquished Creatures
  An adder (D:1)
  A worm (D:1)
  2 dart slugs (D:1)
  6 bats
  An endoplasm (D:1)
  A giant cockroach (D:2)
  4 goblins
  3 hobgoblins
  6 kobolds
  2 quokkas
  3 ball pythons
  2 frilled lizards
  A rat (D:1)
33 creatures vanquished.

Notes
Turn   | Place    | Note
-------+----------+-------------------------------------------
     0 | D:1      | qw the Gargoyle Fighter began the quest for the Orb.
     0 | D:1      | Reached XP level 1. HP: 14/14 MP: 1/1
     0 | D:1      | 0 ||| qw: Version: 0.2-a-102-gdf20003
     0 | D:1      | 0 ||| qw: Game counter: 782
     0 | D:1      | 0 ||| qw: Always use a shield: true
     0 | D:1      | 0 ||| qw: God list: Okawaru
     0 | D:1      | 0 ||| qw: Allow faded altars: false
     0 | D:1      | 0 ||| qw: Do Orc after D:15 true
     0 | D:1      | 0 ||| qw: Do second Lair branch before Depths: true
     0 | D:1      | 0 ||| qw: Lair rune preference: random
     0 | D:1      | 0 ||| qw: Plans: Normal, Zot:1-4, Slime:5, God:TSO, Crypt,
                  | Tomb, Pan, Hells, Abyss, Win
     0 | D:1      | 0 ||| PLANNING D:1-11
    72 | D:1      | 72 ||| Stepping ~*~*~tactically~*~*~ (stealth).
   104 | D:1      | Reached XP level 2. HP: 19/19 MP: 2/2
   333 | D:1      | 333 ||| Stepping ~*~*~tactically~*~*~ (hiding).
   334 | D:1      | 334 ||| Stepping ~*~*~tactically~*~*~ (hiding).
   339 | D:1      | Reached skill level 3 in Axes
   475 | D:1      | 475 ||| Stepping ~*~*~tactically~*~*~ (hiding).
   482 | D:1      | Reached XP level 3. HP: 22/23 MP: 3/3
  1047 | D:1      | 1047 ||| READING 2 scrolls labelled XIOKLY ZERERO.
  1048 | D:1      | 1048 ||| READING scroll of enchant weapon.
  1048 | D:1      | 1048 ||| ENCHANTING +1 war axe.
  1072 | D:2      | Reached skill level 1 in Throwing
  1077 | D:2      | 1077 ||| STAIRDANCE
  1236 | D:2      | 1236 ||| Stepping ~*~*~tactically~*~*~ (stealth).
  1241 | D:2      | Noticed Terence
  1246 | D:2      | HP: 1/23 [Terence/puff of flame (12)]
  1248 | D:2      | Killed from afar by Terence

Levels and vault maps discovered:
D:1:      dpeg_arrival_brainrot, layout_basic, st_stairs_7, chequers_arboretum,
          minivault_11
D:2:      layout_loops_cross, minmay_randomly_rotated_circles, uniq_terence

Skill      XL: |  1  2  3 |
---------------+----------+-----
Axes           | 2 3 |  3.3
Throwing       | 1 |  1.0
Fighting       | |  3.2
Armour         | |  3.2
Shields        | |  3.2

Action                     || total
---------------------------++-------
  Melee: War axe           ||    73
  Throw: Javelin           ||    23
    Use: Scroll            ||     2
 Armour: Scale mail        ||    60
  Dodge: Dodged            ||    29
  Block: Buckler           ||    25

Table legend:
 A = Non-vault XP
 B = Vault XP
 C = Vault XP percentage of total XP
 D = Non-vault monster count
 E = Vault monster count
 F = Vault count percentage of total count
                 A         B        C        D         E       F
            +---------+---------+-------+---------+---------+-------
      Total |      64 |       6 |   8.6 |      31 |       2 |   6.1
            +---------+---------+-------+---------+---------+-------
        D:1 |      51 |       6 |  10.5 |      22 |       2 |   8.3
        D:2 |      13 |       0 |   0.0 |       9 |       0 |   0.0
            +---------+---------+-------+---------+---------+-------
